 Dungeon Crawl Stone Soup version 0.31-a0-430-gf8416d752b (webtiles) character file.

Game seed: 6347140084366806646

34 Ethylacetat the Insei (level 3, -1/28 HPs)
             Began as a Demigod Shapeshifter on July 31, 2023.
             Killed from afar by Sigmund (7 damage)
             ... with a magic dart
             ... on level 2 of the Dungeon.
             The game lasted 00:01:15 (744 turns).

Ethylacetat the Insei (Demigod Shapeshifter)         Turns: 744, Time: 00:01:16

Health: -1/28      AC:  3    Str: 16    XL:     3   Next: 1%
Magic:  5/5        EV: 12    Int: 10    God:
Gold:   65         SH:  0    Dex: 18    Spells: 2/2 levels left

rFire   . . .        f - +2 whip (venom)
rCold   + . .        (no shield)
rNeg    . . .        g - +0 leather armour {rC+}
rPois   +            (helmet currently unavailable)
rElec   .            (cloak currently unavailable)
rCorr   .            (gloves currently unavailable)
SInv    .            (boots currently unavailable)
Will    .....        (no amulet)
Stlth   +            d - ring of poison resistance
HPRegen 0.24/turn    (no ring)
MPRegen 0.09/turn

%: no passive effects
@: beast-form
A: beast (slay +2), high MP 1, forlorn, divine attributes
a: Begin Untransformation


You were on level 2 of the Dungeon.
You were a hulking beast.
You visited 1 branch of the dungeon, and saw 2 of its levels.

You collected 65 gold pieces.

Inventory:

Hand Weapons
 f - a +2 whip of venom (weapon)
Armour
 g - a +0 leather armour of cold resistance (worn)
Jewellery
 d - a ring of poison resistance (left hand)
Talismans
 c - a beast talisman (active)
Potions
 b - a potion of lignification
 e - 2 potions of invisibility {unknown}


   Skills:
 + Level 1.5 Fighting
 + Level 2.2 Dodging
 + Level 3.0 Unarmed Combat
 + Level 2.9 Shapeshifting


You had 2 spell levels left.
You didn't know any spells.
Your spell library was empty.

Dungeon Overview and Level Annotations

Branches:
Dungeon (2/15)

Shops:
D:1 [

Annotations:
D:2 Sigmund


Innate Abilities, Weirdness & Mutations

You are a hulking beast.
Your limbs bulge with bestial killing power. (Slay +2)
You have an increased reservoir of magic. (+10% MP)
You shall have no god before yourself.
Your divine heritage dramatically boosts your attributes as you level up.


Message History

The helpless giant cockroach fails to defend itself.
You hit the giant cockroach.
You kill the giant cockroach!
You have reached level 3!
Your experience leads to a dramatic increase in your attributes!
Increase (S)trength, (I)ntelligence, or (D)exterity?
You feel agile. x4
There is a stone staircase leading down here.
You now have 51 gold pieces (gained 5).
You see here a +0 leather armour of cold resistance.
g - a +0 leather armour of cold resistance You start removing your armour.
You continue taking off your +0 animal skin. x4
You finish taking off your +0 animal skin.
You start putting on your armour.
You continue putting on your +0 leather armour of cold resistance. x5
You finish putting on your +0 leather armour of cold resistance.
You feel resistant to cold.
You drop a +0 animal skin.
Sigmund the Dreaded comes into view.
He is wielding a +1 scythe of protection.
You see here 14 gold pieces.
You now have 65 gold pieces (gained 14).
Sigmund mumbles some strange words.
Sigmund flickers and vanishes!
Deactivating autopickup; reactivate with Ctrl-A.
No target in view!
Something hits you but does no damage.
You completely miss something. Something hits you!
You closely miss something. You completely miss something. Something hits you!
* * * LOW HITPOINT WARNING * * *
You whack something! Something hits you.
* * * LOW HITPOINT WARNING * * *
You hit something but do no damage. Something hits you but does no damage.
You barely miss something. You hit something but do no damage.
You hear some strange, mumbled words.
A magic dart appears from out of thin air!
The magic dart hits you!
You die...

...##...†.##.#
##..............#.#
#.................#
#.............>>.##
#................#
#................#
#............[...#######
#..........<.....†.<....
#....{h........########
##.....##.....##
##############


There were no monsters in sight!

Vanquished Creatures
  A dart slug (D:1)
  3 bats (D:1)
  4 giant cockroaches
  4 goblins (D:1)
  2 hobgoblins (D:1)
  4 jackals (D:1)
  3 quokkas
  A ball python (D:1)
  2 frilled lizards (D:1)
  A kobold (D:1)
  4 rats
29 creatures vanquished.

Notes
Turn   | Place    | Note
-------+----------+-------------------------------------------
     0 | D:1      | Ethylacetat the Demigod Shapeshifter began the quest for
                  | the Orb.
     0 | D:1      | Reached XP level 1. HP: 15/15 MP: 3/3
    16 | D:1      | Found Ryh Iqojuw's Antique Armour Shop.
    24 | D:1      | Reached skill level 1 in Fighting
   127 | D:1      | Reached XP level 2. HP: 23/23 MP: 4/4
   489 | D:1      | Reached skill level 3 in Unarmed Combat
   713 | D:2      | Reached XP level 3. HP: 28/28 MP: 5/5
   731 | D:2      | Noticed Sigmund
   744 | D:2      | Killed from afar by Sigmund

Illustrated notes

Levels and vault maps discovered:
D:1:      minmay_arrival_stone_box, layout_basic, serial_shops,
          nicolae_shop_advertising_works [nicolae_subvault_shop_adworks],
          serial_forest, infiniplex_forest_clump_diagonal,
          infiniplex_forest_straight_4, infiniplex_forest_straight_4,
          infiniplex_forest_clump_diagonal, infiniplex_forest_straight_2,
          hangedman_decor_slide_cut
D:2:      layout_rooms, basic_altar, uniq_sigmund

Skill      XL: |  1  2 |
---------------+-------+-----
Fighting       | 1 |  1.5
Dodging        | 2 |  2.2
Unarmed Combat | 3 |  3.0
Shapeshifting  | |  2.9

Action                     || total
---------------------------++-------
  Melee: Unarmed           ||    78
         Punch             ||     3
         Whip              ||    15
   Stab: Sleeping          ||     2
 Armour: Animal skin       ||    10
         Leather armour    ||     2
  Dodge: Dodged            ||    69

Table legend: (Time is in decaauts)
 A = Elapsed time spent in this place.
 B = Non-inter-level travel time spent in this place.
 C = Inter-level travel time spent in this place.
 D = Time resting spent in this place.
 E = Time spent auto-exploring this place.
 F = Levels seen in this place.
 G = Mean time per level.
                   A        B        C        D        E       F      G
               +--------+--------+--------+--------+--------+-----+--------+
         Total |    739 |    735 |      4 |      0 |    539 |   2 |  369.5 |
       Dungeon |    739 |    735 |      4 |      0 |    539 |   2 |  369.5 |
               +--------+--------+--------+--------+--------+-----+--------+

Top non-repeatable levels by time:
     D:1: 692 daAuts
     D:2: 46 daAuts
